Workbook

Sheet Cashflow improvement tips
C2: Cashflow Improvement Tool
C4: BUSINESS TEMPLATE
C13: This content is for general information purposes only. It is not to be relied upon as financial, tax, or investment advice or guarantees about the future, nor should it be considered a recommendation to buy or sell. You should consult your own professional advisor for specific financial, investment, and/or tax advice tailored to your needs to ensure that individual circumstances are considered properly and action is taken based on the latest available information.

Sheet Step 1
D1: Select a month | E1: =CHOOSE(MATCH(D26,{"Select a month";"January";"February";"March";"April";"May";"June";"July";"August";"September";"October";"November";"December"},0),1,1,2,3,4,5,6,7,8,9,10,11,12) -> 1 | F1: =IF(E1=12,1,E1+1) -> 2 | G1: =IF(F1=12,1,F1+1) -> 3 | H1: =IF(G1=12,1,G1+1) -> 4 | I1: =IF(H1=12,1,H1+1) -> 5 | J1: =IF(I1=12,1,I1+1) -> 6 | K1: =IF(J1=12,1,J1+1) -> 7 | L1: =IF(K1=12,1,K1+1) -> 8 | M1: =IF(L1=12,1,L1+1) -> 9 | ... P1: =IF(O1=12,1,O1+1) -> 12
D2: January
D3: February
D4: March
D5: April
D6: May
D7: June
D8: July
D9: August
D10: September
D11: October
D12: November
D13: December
Q16: Constants
C18: Cashflow Improvement Tool
Q19: Assumed NP% | R19: 0.5
C20: BUSINESS TEMPLATE
C22: Step 1. Calculate a 12 month cashflow
C24: Estimate the percentage direct costs to sales | D24: 0 | E24: % (your gross profit ratio)
C26: Select the first month for your forecast | D26: January
C28: Estimate your average monthly expenses | D28: 0
C30: CASH IN | D30: =CHOOSE(MATCH(E1,{1;2;3;4;5;6;7;8;9;10;11;12},0),"Jan","Feb","Mar","Apr","May","June","July","Aug","Sept","Oct","Nov","Dec") -> Jan | E30: =CHOOSE(MATCH(F1,{1;2;3;4;5;6;7;8;9;10;11;12},0),"Jan","Feb","Mar","Apr","May","June","July","Aug","Sept","Oct","Nov","Dec") -> Feb | F30: =CHOOSE(MATCH(G1,{1;2;3;4;5;6;7;8;9;10;11;12},0),"Jan","Feb","Mar","Apr","May","June","July","Aug","Sept","Oct","Nov","Dec") -> Mar | G30: =CHOOSE(MATCH(H1,{1;2;3;4;5;6;7;8;9;10;11;12},0),"Jan","Feb","Mar","Apr","May","June","July","Aug","Sept","Oct","Nov","Dec") -> Apr | H30: =CHOOSE(MATCH(I1,{1;2;3;4;5;6;7;8;9;10;11;12},0),"Jan","Feb","Mar","Apr","May","June","July","Aug","Sept","Oct","Nov","Dec") -> May | I30: =CHOOSE(MATCH(J1,{1;2;3;4;5;6;7;8;9;10;11;12},0),"Jan","Feb","Mar","Apr","May","June","July","Aug","Sept","Oct","Nov","Dec") -> June | J30: =CHOOSE(MATCH(K1,{1;2;3;4;5;6;7;8;9;10;11;12},0),"Jan","Feb","Mar","Apr","May","June","July","Aug","Sept","Oct","Nov","Dec") -> July | K30: =CHOOSE(MATCH(L1,{1;2;3;4;5;6;7;8;9;10;11;12},0),"Jan","Feb","Mar","Apr","May","June","July","Aug","Sept","Oct","Nov","Dec") -> Aug | ... O30: =CHOOSE(MATCH(P1,{1;2;3;4;5;6;7;8;9;10;11;12},0),"Jan","Feb","Mar","Apr","May","June","July","Aug","Sept","Oct","Nov","Dec") -> Dec
C31: Sales (estimate what you think your sales will be each month.) | D31: 0 | E31: 0 | F31: 0 | G31: 0 | H31: 0 | I31: 0 | J31: 0 | K31: 0 | L31: 0 | M31: 0 | N31: 0 | O31: 0
C32: Money I've saved | D32: 0
C33: A confirmed loan | D33: 0
C34: Family and friends | D34: 0
C35: Other sources | D35: 0
C36: Total cash in | D36: =SUM(D31:D35) -> 0 | E36: =SUM(E31:E35) -> 0 | F36: =SUM(F31:F35) -> 0 | G36: =SUM(G31:G35) -> 0 | H36: =SUM(H31:H35) -> 0 | I36: =SUM(I31:I35) -> 0 | J36: =SUM(J31:J35) -> 0 | K36: =SUM(K31:K35) -> 0 | ... O36: =SUM(O31:O35) -> 0
C38: CASH OUT | D38: =D30 -> Jan | E38: =E30 -> Feb | F38: =F30 -> Mar | G38: =G30 -> Apr | H38: =H30 -> May | I38: =I30 -> June | J38: =J30 -> July | K38: =K30 -> Aug | ... O38: =O30 -> Dec
C39: One-off costs | D39: 0
C40: Monthly expenses | D40: =$D$28 -> 0 | E40: =$D$28 -> 0 | F40: =$D$28 -> 0 | G40: =$D$28 -> 0 | H40: =$D$28 -> 0 | I40: =$D$28 -> 0 | J40: =$D$28 -> 0 | K40: =$D$28 -> 0 | ... O40: =$D$28 -> 0
C41: Direct costs | D41: =D31*($D$24/100) -> 0 | E41: =E31*($D$24/100) -> 0 | F41: =F31*($D$24/100) -> 0 | G41: =G31*($D$24/100) -> 0 | H41: =H31*($D$24/100) -> 0 | I41: =I31*($D$24/100) -> 0 | J41: =J31*($D$24/100) -> 0 | K41: =K31*($D$24/100) -> 0 | ... O41: =O31*($D$24/100) -> 0
C42: Total cash out | D42: =D39+D40+D41 -> 0 | E42: =E39+E40+E41 -> 0 | F42: =F39+F40+F41 -> 0 | G42: =G39+G40+G41 -> 0 | H42: =H39+H40+H41 -> 0 | I42: =I39+I40+I41 -> 0 | J42: =J39+J40+J41 -> 0 | K42: =K39+K40+K41 -> 0 | ... O42: =O39+O40+O41 -> 0
C43: Net cashflow | D43: =D36-D42 -> 0 | E43: =D43+(E36-E42) -> 0 | F43: =E43+(F36-F42) -> 0 | G43: =F43+(G36-G42) -> 0 | H43: =G43+(H36-H42) -> 0 | I43: =H43+(I36-I42) -> 0 | J43: =I43+(J36-J42) -> 0 | K43: =J43+(K36-K42) -> 0 | L43: =K43+(L36-L42) -> 0 | ... O43: =N43+(O36-O42) -> 0
C46: This content is for general information purposes only. It is not to be relied upon as financial, tax, or investment advice or guarantees about the future, nor should it be considered a recommendation to buy or sell. You should consult your own professional advisor for specific financial, investment, and/or tax advice tailored to your needs to ensure that individual circumstances are considered properly and action is taken based on the latest available information.

Sheet Step 2
C2: Cashflow Improvement Tool
C4: BUSINESS TEMPLATE
C7: Step 2. Try improving your forecast
C9: Adjust these improvement factors to see the impact on your cashflow.
D11: Increase prices by | E11: 0 | F11: %
D12: Increase sales by | E12: 0 | F12: %
D13: Reduce your monthly expenses by | E13: 0 | F13: %
D14: Reduce direct costs (as a percentage of sales) | E14: 0 | F14: %
D15: Increase your own cash contribution by | E15: 0 | F15: %
C18: CASH IN | E18: ='Step 1'!D30 -> Jan | F18: ='Step 1'!E30 -> Feb | G18: ='Step 1'!F30 -> Mar | H18: ='Step 1'!G30 -> Apr | I18: ='Step 1'!H30 -> May | J18: ='Step 1'!I30 -> June | K18: ='Step 1'!J30 -> July | L18: ='Step 1'!K30 -> Aug | ... P18: ='Step 1'!O30 -> Dec
C19: Original sales at revised pricing | E19: ='Step 1'!D31+('Step 1'!D31*($E$11/100)) -> 0 | F19: ='Step 1'!E31+('Step 1'!E31*($E$11/100)) -> 0 | G19: ='Step 1'!F31+('Step 1'!F31*($E$11/100)) -> 0 | H19: ='Step 1'!G31+('Step 1'!G31*($E$11/100)) -> 0 | I19: ='Step 1'!H31+('Step 1'!H31*($E$11/100)) -> 0 | J19: ='Step 1'!I31+('Step 1'!I31*($E$11/100)) -> 0 | K19: ='Step 1'!J31+('Step 1'!J31*($E$11/100)) -> 0 | L19: ='Step 1'!K31+('Step 1'!K31*($E$11/100)) -> 0 | ... P19: ='Step 1'!O31+('Step 1'!O31*($E$11/100)) -> 0
C20: New additional sales | E20: ='Step 1'!D31*($E$12/100) -> 0 | F20: ='Step 1'!E31*($E$12/100) -> 0 | G20: ='Step 1'!F31*($E$12/100) -> 0 | H20: ='Step 1'!G31*($E$12/100) -> 0 | I20: ='Step 1'!H31*($E$12/100) -> 0 | J20: ='Step 1'!I31*($E$12/100) -> 0 | K20: ='Step 1'!J31*($E$12/100) -> 0 | L20: ='Step 1'!K31*($E$12/100) -> 0 | ... P20: ='Step 1'!O31*($E$12/100) -> 0
C22: Sales | E22: =E19+E20 -> 0 | F22: =F19+F20 -> 0 | G22: =G19+G20 -> 0 | H22: =H19+H20 -> 0 | I22: =I19+I20 -> 0 | J22: =J19+J20 -> 0 | K22: =K19+K20 -> 0 | L22: =L19+L20 -> 0 | ... P22: =P19+P20 -> 0
C23: Money I've saved | E23: ='Step 1'!D32+('Step 1'!D32*($E$15/100)) -> 0
C24: A confirmed loan | E24: ='Step 1'!D33 -> 0
C25: Family and friends | E25: ='Step 1'!D34 -> 0
C26: Other sources | E26: ='Step 1'!D35 -> 0
C27: Total cash in | E27: =E22+E23+E24+E25+E26 -> 0 | F27: =F22+F23+F24+F25+F26 -> 0 | G27: =G22+G23+G24+G25+G26 -> 0 | H27: =H22+H23+H24+H25+H26 -> 0 | I27: =I22+I23+I24+I25+I26 -> 0 | J27: =J22+J23+J24+J25+J26 -> 0 | K27: =K22+K23+K24+K25+K26 -> 0 | L27: =L22+L23+L24+L25+L26 -> 0 | ... P27: =P22+P23+P24+P25+P26 -> 0
C29: CASH OUT | E29: ='Step 1'!D30 -> Jan | F29: ='Step 1'!E30 -> Feb | G29: ='Step 1'!F30 -> Mar | H29: ='Step 1'!G30 -> Apr | I29: ='Step 1'!H30 -> May | J29: ='Step 1'!I30 -> June | K29: ='Step 1'!J30 -> July | L29: ='Step 1'!K30 -> Aug | ... P29: ='Step 1'!O30 -> Dec
C30: ='Step 1'!C39 -> One-off costs | E30: ='Step 1'!D39 -> 0 | F30: ='Step 1'!E39 -> 0 | G30: ='Step 1'!F39 -> 0 | H30: ='Step 1'!G39 -> 0 | I30: ='Step 1'!H39 -> 0 | J30: ='Step 1'!I39 -> 0 | K30: ='Step 1'!J39 -> 0 | L30: ='Step 1'!K39 -> 0 | ... P30: ='Step 1'!O39 -> 0
C31: Monthly expenses | E31: =('Step 1'!D40)-(('Step 1'!D40*$E$13)/100) -> 0 | F31: =$E31 -> 0 | G31: =$E31 -> 0 | H31: =$E31 -> 0 | I31: =$E31 -> 0 | J31: =$E31 -> 0 | K31: =$E31 -> 0 | L31: =$E31 -> 0 | M31: =$E31 -> 0 | ... P31: =$E31 -> 0
C32: Direct costs | E32: =('Step 1'!D41)-(('Step 1'!D41*$E$14)/100) -> 0 | F32: =('Step 1'!E41)-(('Step 1'!E41*$E$14)/100) -> 0 | G32: =('Step 1'!F41)-(('Step 1'!F41*$E$14)/100) -> 0 | H32: =('Step 1'!G41)-(('Step 1'!G41*$E$14)/100) -> 0 | I32: =('Step 1'!H41)-(('Step 1'!H41*$E$14)/100) -> 0 | J32: =('Step 1'!I41)-(('Step 1'!I41*$E$14)/100) -> 0 | K32: =('Step 1'!J41)-(('Step 1'!J41*$E$14)/100) -> 0 | L32: =('Step 1'!K41)-(('Step 1'!K41*$E$14)/100) -> 0 | ... P32: =('Step 1'!O41)-(('Step 1'!O41*$E$14)/100) -> 0
C33: Total cash out | E33: =E30+E31+E32 -> 0 | F33: =F30+F31+F32 -> 0 | G33: =G30+G31+G32 -> 0 | H33: =H30+H31+H32 -> 0 | I33: =I30+I31+I32 -> 0 | J33: =J30+J31+J32 -> 0 | K33: =K30+K31+K32 -> 0 | L33: =L30+L31+L32 -> 0 | ... P33: =P30+P31+P32 -> 0
C34: Net cashflow | E34: =E27-E33 -> 0 | F34: =E34+(F27-F33) -> 0 | G34: =F34+(G27-G33) -> 0 | H34: =G34+(H27-H33) -> 0 | I34: =H34+(I27-I33) -> 0 | J34: =I34+(J27-J33) -> 0 | K34: =J34+(K27-K33) -> 0 | L34: =K34+(L27-L33) -> 0 | M34: =L34+(M27-M33) -> 0 | ... P34: =O34+(P27-P33) -> 0
C36: Your initial net cashflow (from step 1) | E36: ='Step 1'!D43 -> 0 | F36: ='Step 1'!E43 -> 0 | G36: ='Step 1'!F43 -> 0 | H36: ='Step 1'!G43 -> 0 | I36: ='Step 1'!H43 -> 0 | J36: ='Step 1'!I43 -> 0 | K36: ='Step 1'!J43 -> 0 | L36: ='Step 1'!K43 -> 0 | ... P36: ='Step 1'!O43 -> 0
C37: Net cashflow improvement | E37: =E34-'Step 1'!D43 -> 0 | F37: =F34-'Step 1'!E43 -> 0 | G37: =G34-'Step 1'!F43 -> 0 | H37: =H34-'Step 1'!G43 -> 0 | I37: =I34-'Step 1'!H43 -> 0 | J37: =J34-'Step 1'!I43 -> 0 | K37: =K34-'Step 1'!J43 -> 0 | L37: =L34-'Step 1'!K43 -> 0 | ... P37: =P34-'Step 1'!O43 -> 0
C39: This content is for general information purposes only. It is not to be relied upon as financial, tax, or investment advice or guarantees about the future, nor should it be considered a recommendation to buy or sell. You should consult your own professional advisor for specific financial, investment, and/or tax advice tailored to your needs to ensure that individual circumstances are considered properly and action is taken based on the latest available information.
